Map: Deathaura LE

Players

softarn - Winner!

  • Race: Terran Terran
  • League: Gold
  • Spawn Location: 11:00

VOD

Have the link to the VOD?

Description

Time

  • Played on: March 16, 2021, 2:58 p.m.
  • Length: 18:37
Show
View Real Time Build Order
Export as new Build Order

softarn Terran - Winner!

Build Orders:  

Get SALT Encoding   

  12  0:00  SCV  
  13  0:17  SCV  
  14  0:24  Supply Depot  
  14  0:34  SCV  
  15  0:54  SCV  
  15  0:56  Barracks  
  16  1:10  Refinery  
  16  1:11  SCV  
  17  1:28  SCV  
  18  1:45  SCV  
  19  2:01  SCV  
  20  2:16  Reaper  
  20  2:19  Command Center  
  21  2:25  Orbital Command  
  21  2:51  Supply Depot  
  22  3:13  Factory  
  22  3:19  SCV  
  22  3:21  Barracks Tech Lab  
  22  3:36  SCV  
  23  3:45  Barracks  
  23  3:53  SCV  
  24  4:02  Orbital Command  
  24  4:10  SCV  
  25  4:27  SCV  
  26  4:34  Barracks Tech Lab  
  26  4:41  Siege Tank  
  26  4:42  SCV  
  26  4:44  SCV  
  31  4:57  Supply Depot  
  31  4:59  SCV  
  32  5:00  SCV  
  32  5:07  Barracks Reactor  
  32  5:08  Refinery  
  32  5:09  Marine  
  34  5:16  SCV  
  34  5:17  SCV  
  36  5:35  Marine  
  37  5:49  SCV  
  36  5:50  SCV, Command Center  
  38  5:57  Starport  
  39  6:00  Marine  
  40  6:10  Engineering Bay  
  40  6:14  SCV x2  
  40  6:18  Refinery  
  42  6:28  Siege Tank  
  45  6:31  SCV x2  
  47  6:44  Marine x3  
  47  6:48  SCV x2  
  52  7:05  SCV  
  52  7:06  Supply Depot  
  52  7:07  Refinery  
  52  7:09  Marine  
  54  7:16  Engineering Bay  
  54  7:24  Stimpack  
  54  7:30  SCV x2, Hellion, Marine x2, Medivac  
  54  7:34  Marine  
  54  7:38  Supply Depot  
  54  7:39  Supply Depot  
  63  7:47  SCV x2  
  63  7:49  Orbital Command  
  65  7:55  Marine  
  65  7:56  Terran Infantry Weapons Level 1  
  65  7:57  Terran Infantry Armor Level 1  
  66  8:04  SCV x2  
  66  8:09  Missile Turret  
  68  8:12  Viking  
  68  8:13  Missile Turret  
  68  8:17  Orbital Command  
  70  8:20  SCV x2  
  72  8:30  Sensor Tower  
  72  8:35  Siege Tank  
  72  8:37  SCV x2  
  74  8:54  SCV x2  
  76  9:01  Marine x3  
  76  9:06  Armory  
  79  9:10  SCV  
  79  9:11  SCV x2  
  79  9:14  Barracks  
  82  9:25  Marine  
  82  9:26  Marauder  
  85  9:31  SCV x2, Barracks  
  85  9:33  Marine  
  88  9:50  Marine  
  88  9:52  Barracks  
  88  9:55  Barracks  
  88  9:56  Marine  
  88  9:59  SCV x2  
  61  10:00  SCV  
  92  10:06  Barracks  
  93  10:11  Supply Depot x2  
  93  10:13  Supply Depot  
  93  10:17  Supply Depot  
  93  10:18  Terran Vehicle Weapons Level 1  
  93  10:22  Supply Depot  
  93  10:23  Barracks Reactor  
  93  10:41  SCV x3, Marauder, Marine x3  
  93  10:44  Refinery  
  101  10:50  Sensor Tower  
  101  10:56  Hellion  
  101  10:58  SCV x3  
  106  11:05  Supply Depot  
  106  11:06  Marine x3  
  109  11:11  Marauder  
  109  11:15  SCV x3  
  114  11:22  Command Center  
  114  11:26  Hellion, Marine x2  
  114  11:27  Marine  
  119  11:30  Barracks Reactor x2  
  119  11:31  Marine, Command Center  
  119  11:32  SCV x2  
  119  11:38  Terran Infantry Weapons Level 2  
  119  11:39  Terran Infantry Armor Level 2  
  122  11:41  Marauder  
  122  11:42  Siege Tank  
  122  11:45  Medivac  
  122  11:48  Marine x2  
  128  11:51  Marine x2  
  128  11:56  Hellion  
  134  12:00  Barracks Reactor  
  134  12:05  Supply Depot  
  134  12:08  Barracks Reactor  
  132  12:11  Marine, Unknown  
  132  12:13  Marine x2  
  132  12:16  Marine x2  
  132  12:18  SCV  
  132  12:19  SCV  
  139  12:26  Hellion  
  141  12:35  Marine x4, Medivac  
  141  12:36  Marine  
  141  12:38  Marine  
  149  12:41  Marine x2  
  149  12:44  Supply Depot  
  149  12:47  Supply Depot  
  149  12:49  Supply Depot  
  151  12:50  Marine x2  
  151  12:51  Supply Depot  
  151  12:53  Supply Depot  
  151  12:56  Hellion, Supply Depot  
  155  13:00  Marine  
  155  13:01  Marauder  
  158  13:26  Hellion  
  160  13:31  Marauder  
  160  13:33  Missile Turret  
  160  13:39  Marine x4  
  166  13:40  Marine x2  
  166  13:41  Marine  
  169  13:50  Barracks  
  169  13:52  Barracks x2  
  169  13:58  Barracks  
  169  14:00  Marauder  
  169  14:03  Missile Turret  
  169  14:04  Barracks  
  169  14:08  Planetary Fortress  
  171  14:10  Planetary Fortress  
  171  14:17  Barracks  
  171  14:24  Barracks  
  171  14:27  Barracks  
  169  14:30  Marauder  
  170  14:53  Medivac  
  170  14:55  Marine  
  170  14:56  Marine x12  
  185  15:00  Marine  
  186  15:10  Marine  
  186  15:11  Refinery  
  186  15:13  Barracks Reactor  
  186  15:14  Barracks Reactor  
  186  15:17  Barracks Tech Lab  
  187  15:20  Marine  
  187  15:21  Marine x12  
  200  15:56  Concussive Shells  
  200  16:20  Refinery  
  200  16:30  Barracks  
  200  16:32  Barracks  
  200  16:33  Barracks  
  198  17:18  Marine x2  
  200  17:46  Barracks Tech Lab, Barracks Reactor  
  200  17:47  Barracks Reactor  
  198  17:52  Barracks Tech Lab, Barracks Reactor  
  198  17:53  Barracks Reactor  
  198  17:56  Marine  
  198  17:57  Marine x3  
  198  17:59  Marauder  
Tags
 
League
Gold
Matchup
Co-op
Add a new tag
Caveats
  • Supply blocks, unpowered buildings, or Contaminate may cause inaccurate times.
  • Supply counts are checked every 10 seconds.